 Dungeon Sprint DCSS version 0.19.5 (webtiles) character file.

9100000 hurricos the Axe Maniac (level 27, -22/298 HPs)
             Began as a Deep Dwarf Gladiator on Mar 2, 2017.
             Was the Champion of Makhleb.
             Annihilated by a destroyer
             ... wielding a +9 great sword of slicing
              (229 damage)
             ... in the Dungeon (Sprint VIII: "Arena of Blood").
             The game lasted 00:03:46 (91 turns).

hurricos the Axe Maniac (Deep Dwarf Gladiator)        Turns: 91, Time: 00:03:47

Health: -22/298    AC:  8    Str: 21    XL:     27
Magic:  34/54      EV: 36    Int: 11    God:    Makhleb [******]
Gold:   0          SH:  0    Dex: 22    Spells: 0 memorised, 80 levels left

rFire  . . .     SeeInvis .     m - +∞ Axe of Woe
rCold  . . .     Gourm    .     b - +0 leather armour
rNeg   + . .     Faith    .     (shield currently unavailable)
rPois  .         Spirit   .     c - +0 helmet
rElec  .         Reflect  .     (no cloak)
rCorr  .         Harm     .     (no gloves)
MR     ++++.     NoTele   +     (no boots)
Stlth  +++++++++.               (no amulet)
                                (no ring)
                                (no ring)

@: non-regenerating
A: damage resistance, recharge devices, negative energy resistance 1, sense
surroundings 3, slow regeneration 3
a: Device Recharging, Minor Destruction, Lesser Servant of Makhleb, Major
Destruction, Greater Servant of Makhleb, Renounce Religion


You were in the Dungeon.
You worshipped Makhleb.
Makhleb was exalted by your worship.
You were not hungry.

You visited 1 branch

Inventory:

Hand Weapons
 a - a +0 war axe
 m - the +∞ Axe of Woe (weapon)
   (You found it in the Dungeon)
Missiles
 d - 3 throwing nets (quivered)
Armour
 b - a +0 leather armour (worn)
 c - a +0 helmet (worn)
Wands
 e - a wand of heal wounds (5/9)
Scrolls
 l - a scroll of blinking
Potions
 g - a potion of curing
 h - a potion of heal wounds
 i - a potion of haste
 j - 2 potions of magic
 k - a potion of berserk rage
Comestibles
 f - a bread ration


   Skills:
 O Level 27 Fighting
 O Level 27 Axes
 O Level 27 Throwing
 O Level 27 Armour
 O Level 27 Dodging
 O Level 27 Stealth
 O Level 27 Unarmed Combat
 O Level 27 Spellcasting
 O Level 27 Invocations
 O Level 27 Evocations


You had 80 spell levels left.
You didn't know any spells.

Dungeon Overview and Level Annotations

Branches:
Dungeon (1/1)

Altars:
Makhleb

Annotations:
D The Servant


Innate Abilities, Weirdness & Mutations

You are resistant to damage.
You can recharge devices by infusing magical energy.
You resist negative energy. (rN+)
You passively map a large area around you.
You do not regenerate.


Message History

You are engulfed in roaring flames.
The destroyer blinks!
The bag of meat is engulfed in roaring flames.
The meat berserker is engulfed in roaring flames.
The destroyer blinks!
Two crawling corpses merge to form a small abomination.
You hear a shout! x4 2 orcs and a wraith come into view.
The meat berserker is engulfed in roaring flames.
The meat berserker hits you with a +9 battleaxe!!!
The Servant is engulfed in roaring flames.
The Servant completely misses you.
You hear a shout!
The bag of meat hits you with a +9 war axe!
The bag of meat is engulfed in roaring flames.
You hear a shout! x4
The bag of meat hits you with a +9 war axe!!
The destroyer is engulfed in roaring flames.
The destroyer hits you with a +9 great sword of slicing!!!!!
Ouch! That really hurt!
You die... * ,, , , *, , , ....2....., , , ,, *,, ,, , .......%. , , , , ,, , , o...%...., , , , #oMo.. .# , , , ,, , , .oo ,#Xo.z,..# , , , * ..o###.oo, ..###. ,, * , , .ozoCCo@###oV....,, , ,,, #oooo2o@V_..o..., , ..oooo#OOo.%#O.. * , * , ..Vox #Xox._# , ,, ..Wo #oXo%o#

, , , *, , #o.
.X%.._..D... , ,,
.....o..###.o....,
* , ...###...
..###. ,, , , , ,
. #... ..#, ,, ,
,#... ,.#, ,, , ,


You could see an accursed, 2 meat beasts, The Servant, an eight-headed meat
hydra, 3 destroyers, 2 sculptors of flesh, 2 large bags of meat, 3 large
abominations, a dread (wandering), 3 meat berserkers, 2 small abominations and
30 bags of meat.

Vanquished Creatures
  Sigmund (D)
  2 hell beasts (D)
  2 wraiths (D)
  11 vampire knights (D)
  48 ogres (D)
  3 liches (D)
  51 orcs (D)
  10 hill giants (D)
  A skeletal warrior (D)
  6 large abominations (D)
  A small abomination (D)
  7 crawling corpses (D)
143 creatures vanquished.

Vanquished Creatures (others)
  A crawling corpse (D)
1 creature vanquished.

Grand Total: 144 creatures vanquished

Notes
Turn   | Place    | Note
-------+----------+-------------------------------------------
     0 | D        | hurricos the Deep Dwarf Gladiator began the quest for the Orb.
     0 | D        | Reached XP level 1. HP: 19/19 MP: 1/1
     4 | D        | Became a worshipper of Makhleb the Destroyer
     7 | D        | Noticed a meat berserker
    10 | D        | Killed a meat berserker
    10 | D        | Reached XP level 2. HP: 62/62 MP: 2/2
    10 | D        | Reached XP level 3. HP: 70/70 MP: 3/3
    10 | D        | Reached XP level 4. HP: 79/79 MP: 4/4
    10 | D        | Reached XP level 5. HP: 87/87 MP: 5/5
    10 | D        | Reached XP level 6. HP: 96/96 MP: 6/6
    10 | D        | Reached XP level 7. HP: 104/104 MP: 7/7
    10 | D        | Reached XP level 8. HP: 112/112 MP: 8/8
    10 | D        | Gained mutation: You passively map the area around you. [Deep Dwarf growth]
    10 | D        | Reached XP level 9. HP: 121/121 MP: 9/9
    10 | D        | Reached XP level 10. HP: 129/129 MP: 10/10
    10 | D        | Reached XP level 11. HP: 138/138 MP: 11/11
    10 | D        | Reached XP level 12. HP: 146/146 MP: 12/12
    10 | D        | Reached XP level 13. HP: 154/154 MP: 13/13
    11 | D        | Noticed a bag of meat
    13 | D        | Noticed a bag of meat
    13 | D        | Noticed a meat berserker
    13 | D        | Noticed a meat berserker
    14 | D        | Killed a bag of meat
    14 | D        | Reached * piety under Makhleb
    15 | D        | Noticed a bag of meat
    15 | D        | Noticed a meat berserker
    16 | D        | Noticed a bag of meat
    16 | D        | Killed a meat berserker
    16 | D        | Reached skill level 27 in Axes
    16 | D        | Gained mutation: You resist negative energy. (rN+) [Deep Dwarf growth]
    16 | D        | Reached XP level 14. HP: 181/181 MP: 14/14
    16 | D        | Killed a meat berserker
    16 | D        | Reached skill level 27 in Fighting
    16 | D        | Reached XP level 15. HP: 190/190 MP: 15/15
    17 | D        | Noticed a meat berserker
    17 | D        | Noticed a meat berserker
    17 | D        | Noticed a meat berserker
    18 | D        | Killed a meat berserker
    18 | D        | Reached ** piety under Makhleb
    18 | D        | Reached XP level 16. HP: 114/200 MP: 16/16
    18 | D        | Killed a meat berserker
    19 | D        | Reached XP level 17. HP: 197/208 MP: 17/17
    20 | D        | Noticed a meat berserker
    21 | D        | Noticed a destroyer
    21 | D        | Killed a meat berserker
    21 | D        | Reached *** piety under Makhleb
    21 | D        | Reached skill level 27 in Armour
    21 | D        | Reached skill level 27 in Dodging
    22 | D        | Killed a meat berserker
    22 | D        | Gained mutation: You passively map a large area around you. [Deep Dwarf growth]
    22 | D        | Reached XP level 18. HP: 218/218 MP: 17/34
    23 | D        | Noticed a meat berserker
    23 | D        | Killed a meat berserker
    23 | D        | Reached **** piety under Makhleb
    24 | D        | Noticed a meat berserker
    24 | D        | Reached skill level 15 in Spellcasting
    24 | D        | Reached XP level 19. HP: 226/226 MP: 17/38
    26 | D        | Noticed a meat berserker
    27 | D        | Killed a destroyer
    28 | D        | Noticed a meat berserker
    28 | D        | Noticed a meat berserker
    29 | D        | Killed a meat berserker
    29 | D        | Reached ***** piety under Makhleb
    29 | D        | Reached skill level 27 in Stealth
    29 | D        | Reached skill level 27 in Invocations
    29 | D        | Reached skill level 27 in Evocations
    29 | D        | Reached XP level 20. HP: 236/236 MP: 18/47
    29 | D        | Killed a meat berserker
    30 | D        | Reached skill level 27 in Spellcasting
    32 | D        | Noticed a meat berserker
    32 | D        | Noticed a meat berserker
    32 | D        | Killed a meat berserker
    32 | D        | Reached skill level 15 in Unarmed Combat
    32 | D        | Killed a meat berserker
    32 | D        | Reached XP level 21. HP: 244/244 MP: 19/52
    36 | D        | Reached ****** piety under Makhleb
    36 | D        | Reached XP level 22. HP: 254/254 MP: 20/53
    38 | D        | Reached skill level 27 in Throwing
    38 | D        | Reached skill level 27 in Unarmed Combat
    40 | D        | Reached XP level 23. HP: 262/262 MP: 21/54
    43 | D        | Reached XP level 24. HP: 272/272 MP: 22/54
    44 | D        | Noticed a destroyer
    47 | D        | Reached XP level 25. HP: 280/280 MP: 23/54
    50 | D        | Killed a destroyer
    50 | D        | Reached XP level 26. HP: 290/290 MP: 23/54
    52 | D        | Noticed a destroyer
    58 | D        | Reached XP level 27. HP: 270/298 MP: 25/54
    61 | D        | Noticed The Captor
    62 | D        | Noticed a meat beast
    62 | D        | Noticed a destroyer
    63 | D        | Noticed a tyrant
    63 | D        | Noticed a destroyer
    64 | D        | Noticed a tyrant
    65 | D        | Noticed a destroyer
    65 | D        | Noticed The Servant
    66 | D        | Killed The Captor
    66 | D        | Killed a meat beast
    67 | D        | Killed a destroyer
    67 | D        | Killed a destroyer
    68 | D        | Noticed a destroyer
    68 | D        | Noticed a destroyer
    68 | D        | Noticed a destroyer
    70 | D        | Noticed a dread
    71 | D        | Killed a tyrant
    72 | D        | Noticed a tyrant
    72 | D        | Killed a destroyer
    73 | D        | Noticed a meat beast
    73 | D        | Noticed a destroyer
    74 | D        | Killed a destroyer
    76 | D        | Killed a meat beast
    76 | D        | Killed a destroyer
    77 | D        | Killed a destroyer
    79 | D        | Noticed a destroyer
    81 | D        | Noticed a dread
    81 | D        | Noticed a destroyer
    82 | D        | Noticed a destroyer
    82 | D        | Killed a tyrant
    83 | D        | Killed a dread
    84 | D        | Noticed a meat beast
    86 | D        | Noticed an accursed
    86 | D        | Killed a destroyer
    87 | D        | Killed a tyrant
    87 | D        | Killed a destroyer
    88 | D        | Noticed a destroyer
    89 | D        | Killed a destroyer
    90 | D        | Killed a dread
    91 | D        | Noticed a dread
    91 | D        | Annihilated by a destroyer

Skill      XL: |  1  2  3  4  5  6  7  8  9 10 11 12 13 14 15 16 17 18 19 20 21 22 |
---------------+-------------------------------------------------------------------+-----
Fighting       | 20 26 27 | 27.0
Axes           | 23 27 | 27.0
Armour         | 14 20 25 27 | 27.0
Dodging        | 14 20 25 27 | 27.0
Stealth        | 18 22 27 | 27.0
Spellcasting   | 12 15 23 27 | 27.0
Invocations    | 18 22 27 | 27.0
Evocations     | 18 22 27 | 27.0
Throwing       | 19 26 27 | 27.0
Unarmed Combat | 19 26 27 | 27.0

Action                   |  1- 3 |  4- 6 |  7- 9 | 10-12 | 13-15 | 16-18 | 19-21 | 22-24 | 25-27 || total
-------------------------+-------+-------+-------+-------+-------+-------+-------+-------+-------++-------
Melee: Executioner's axe |     1 |       |       |       |     3 |     5 |     8 |     5 |    30 ||    52
Dodge: Dodged            |       |       |       |       |       |       |       |       |     5 ||     5
